 Dungeon Crawl Stone Soup version 0.21.0-3-g78d12a8 (webtiles) character file.

2123 Faca the Archer (level 9, -5/79 HPs)
             Began as a Centaur Hunter on Jan 11, 2018.
             Was a Believer of Okawaru.
             Killed from afar by an acid dragon (11 damage)
             ... with a splash of acid
             ... on level 6 of the Dungeon.
             The game lasted 00:11:56 (7313 turns).

Faca the Archer (Centaur Hunter)                    Turns: 7313, Time: 00:11:57

Health: -5/79      AC:  6    Str: 16    XL:     9   Next: 8%
Magic:  6/9        EV:  7    Int: 10    God:    Okawaru [**....]
Gold:   510        SH:  0    Dex: 12    Spells: 8/8 levels left

rFire    . . .     SeeInvis .   a - +1 shortbow
rCold    + . .     Gourm    +   (shield currently unavailable)
rNeg     . . .     Faith    .   q - +0 scale mail {rC+}
rPois    +         Spirit   .   (no helmet)
rElec    .         Reflect  .   (no cloak)
rCorr    .         Harm     .   (no gloves)
MR       .....                  (no barding)
Stlth    ..........             p - amulet of the gourmand
HPRegen  0.23/turn              n - ring of poison resistance
MPRegen  0.11/turn              (no ring)

@: very quick
A: large, hooves 3, deformed body, speed 2, tough skin 3
a: Heroism, Renounce Religion


You were on level 6 of the Dungeon.
You worshipped Okawaru.
Okawaru was pleased with you.
You were not hungry.

You visited 2 branches of the dungeon, and saw 8 of its levels.

You collected 510 gold pieces.

Inventory:

Hand Weapons
 a - a +1 shortbow (weapon)
 e - a +3 antimagic spear
Missiles
 d - 154 arrows (quivered)
Armour
 q - a +0 scale mail of cold resistance (worn)
Jewellery
 n - a ring of poison resistance (left hand)
 p - an amulet of the gourmand (around neck)
Wands
 h - a wand of polymorph (5)
Scrolls
 b - a scroll of identify
 k - a scroll of amnesia
 l - 3 scrolls of remove curse
 o - 2 scrolls of teleportation
Potions
 c - 2 potions of flight
 g - 2 potions of brilliance
 i - a potion of cancellation
 j - 3 potions of ambrosia
 m - a potion of might
 r - a potion of lignification {unknown}
Comestibles
 f - 6 rations


   Skills:
 + Level 7.2 Fighting
 + Level 6.1 Polearms
 + Level 10.4 Bows
 - Level 1.3 Dodging
 - Level 0.4 Stealth


You had 8 spell levels left.
You didn't know any spells.

Dungeon Overview and Level Annotations

Branches:
Dungeon (7/15)             Temple (1/1) D:5

Altars:
Ashenzari
Cheibriados
Dithmenos
Fedhas
Hepliaklqana
Kikubaaqudgha
Makhleb
Okawaru
Qazlal
Trog
Vehumet
Wu Jian
Yredelemnul
The Shining One

Shops:
D:4 }


Innate Abilities, Weirdness & Mutations

You have hooves in place of feet.
Armour fits poorly on your strangely shaped body.
You cover ground very quickly.
You have extremely tough skin. (AC +3)


Message History

You are splashed with acid!
The acid burns!
* * * LOW HITPOINT WARNING * * *
Firing (i - inventory):
d - 157 arrows (quivered)
Press: ? - help, Shift-Dir - straight line, f/p - acid dragon
Aim: an acid dragon (catching its breath)
You shoot an arrow.
The arrow hits the acid dragon but does no damage.
Firing (i - inventory):
d - 156 arrows (quivered)
Press: ? - help, Shift-Dir - straight line, f/p - acid dragon
Aim: an acid dragon (catching its breath)
You shoot an arrow.
The arrow hits the acid dragon but does no damage.
Firing (i - inventory):
d - 155 arrows (quivered)
Press: ? - help, Shift-Dir - straight line, f/p - acid dragon
Aim: an acid dragon You shoot an arrow.
The arrow hits the acid dragon.
The acid dragon is lightly wounded.
The acid dragon spits acid at you. The splash of acid hits you!
You die...

#...##.....##...###..# #.####
#...##.....##.......#####....####
'...#......#...#....#...#....##..
#...#......#.....(.Do)...........
....#......+.>.oD###'###.........
...........###.#.# #.# #..#..##..
##.####.######.#.###.###.##..####
.)...##..........'.._###.........
.)[...#.........@###.###.........
.†....#.....##...# #.# #.........
.._....[....##'#.###+###.##..##..
......#.....#.<..........##.(##..
......#.....#...#.........'.(##..
.....##.....#...#.........#......
##.####.##..##..###.###..##..##..
........##..##..#######..##..##^.
#..#.....#...#........'..#..(....


You could see an acid dragon and an orc.

Vanquished Creatures
  A two-headed ogre (D:6)
  A hungry ghost (D:6)
  A black bear (D:7)
  2 sky beasts
  An ogre (D:5)
  2 bullfrogs
  A wyvern zombie (D:6)
  2 scorpions
  4 crimson imps
  A centaur zombie (D:6)
  7 orc wizards
  2 orc priests
  2 hounds (D:5)
  2 worker ants (D:6)
  A hound skeleton (D:6)
  A howler monkey zombie (D:5)
  6 adders
  2 shadow imps
  An adder skeleton (D:5)
  A worm (D:4)
  2 dart slugs
  4 leopard geckos
  20 orcs
  A ball python (D:1)
  10 bats
  5 giant cockroaches
  2 gnoll zombies (D:5)
  5 goblins
  7 hobgoblins
  4 jackals (D:4)
  2 quokkas (D:2)
  3 frilled lizards
  A jackal zombie (D:4)
  6 kobolds
  A quokka skeleton (D:5)
  8 rats
122 creatures vanquished.

Notes
Turn   | Place    | Note
-------+----------+-------------------------------------------
     0 | D:1      | Faca the Centaur Hunter began the quest for the Orb.
     0 | D:1      | Reached XP level 1. HP: 17/17 MP: 1/1
    46 | D:1      | Reached XP level 2. HP: 24/25 MP: 0/2
   668 | D:2      | Reached XP level 3. HP: 26/30 MP: 1/3
   681 | D:2      | Reached skill level 1 in Polearms
   874 | D:2      | Reached skill level 6 in Bows
  1840 | D:3      | Reached XP level 4. HP: 37/38 MP: 1/4
  1846 | D:3      | Found an ancient bone altar of Kikubaaqudgha.
  2170 | D:3      | Reached XP level 5. HP: 41/45 MP: 1/5
  3422 | D:4      | Reached skill level 7 in Bows
  3502 | D:4      | Found Siylakuh's Gadget Shop.
  3759 | D:4      | Found a radiant altar of Vehumet.
  4076 | D:5      | Entered Level 5 of the Dungeon
  4078 | D:5      | Found a glowing golden altar of the Shining One.
  4090 | D:5      | Reached XP level 6. HP: 40/52 MP: 2/6
  4175 | D:5      | Found a burning altar of Makhleb.
  4979 | D:5      | Found a staircase to the Ecumenical Temple.
  4989 | Temple   | Entered the Ecumenical Temple
  4996 | Temple   | Became a worshipper of Warmaster Okawaru
  5031 | D:5      | Found a basalt altar of Yredelemnul.
  5257 | D:5      | Reached XP level 7. HP: 59/60 MP: 2/7
  5560 | D:5      | Reached skill level 8 in Bows
  5814 | D:6      | Reached skill level 5 in Fighting
  5827 | D:6      | Found a snail-covered altar of Cheibriados.
  6032 | D:6      | Noticed a hungry ghost
  6070 | D:6      | Killed a hungry ghost
  6157 | D:5      | Reached XP level 8. HP: 35/70 MP: 2/8
  6347 | D:6      | Reached * piety under Okawaru
  6347 | D:6      | Reached skill level 9 in Bows
  6361 | D:6      | Noticed a two-headed ogre
  6519 | D:6      | Killed a two-headed ogre
  6519 | D:6      | Reached ** piety under Okawaru
  6519 | D:6      | Reached skill level 5 in Polearms
  6519 | D:6      | Reached skill level 10 in Bows
  6581 | D:6      | Found a hazy altar of Hepliaklqana.
  6603 | D:6      | Found an ornate altar of the Wu Jian Council.
  7029 | D:7      | Reached XP level 9. HP: 65/79 MP: 3/9
  7049 | D:7      | Found a shadowy altar of Dithmenos.
  7059 | D:7      | Found a stormy altar of Qazlal.
  7313 | D:6      | Killed from afar by an acid dragon

Skill      XL: |  1  2  3  4  5  6  7  8 |
---------------+-------------------------+-----
Polearms       | 1 2 3 4 6 |  6.1
Bows           | 6 7 8 10 | 10.4
Fighting       | 3 4 5 7 |  7.2
Dodging        | |  1.3
Stealth        | |  0.4

Action                   |  1- 3 |  4- 6 |  7- 9 || total
-------------------------+-------+-------+-------++-------
Melee: Short sword       |     6 |       |       ||     6
       Kick              |    14 |    41 |    32 ||    87
       Spear             |   102 |   203 |   215 ||   520
 Fire: Shortbow          |       |       |    14 ||    14
Evoke: Wand              |       |       |     7 ||     7
  Use: Scroll            |       |    14 |     1 ||    15
       Potion            |       |     2 |     1 ||     3
  Eat: Chunk             |     2 |     3 |     1 ||     6
       Ration            |       |     2 |     3 ||     5
Armor: Leather armour    |    21 |    23 |       ||    44
       Scale mail        |       |    43 |    57 ||   100
Dodge: Dodged            |    31 |    68 |    53 ||   152
